 Dungeon Crawl Stone Soup version 0.17-a0-2109-g117576f (webtiles) character file.

1092 Guts the Carver (level 8, 0/58 HPs)
             Began as a Human Berserker on Oct 19, 2015.
             Was a Priest of Trog.
             Slain by Prince Ribbit (14 damage)
             ... on level 5 of the Dungeon.
             The game lasted 00:12:27 (3562 turns).

Guts the Carver (Human Berserker)                   Turns: 3562, Time: 00:12:27

Health: 0/58       AC:  7    Str: 20    XL:     8   Next: 56%
Magic:  8/8        EV: 11    Int:  8    God:    Trog [***...]
Gold:   227        SH:  0    Dex: 12    Spells: 0 memorised, 7 levels left

rFire  . . .     SeeInvis .     p - +0 short sword (flame)
rCold  . . .     Clarity  .     o - +0 ring mail
rNeg   . . .     SustAt   .     (no shield)
rPois  .         Gourm    .     w - +0 helmet
rElec  .         Spirit   .     v - +0 cloak
rCorr  .         Warding  .     (no gloves)
rMut   .         Stasis   .     (no boots)
MR     ++...                    (no amulet)
Stlth  ++........               b - +6 ring of slaying
                                j - ring of stealth

@: regenerating, very resistant to hostile enchantments, unstealthy
A: no striking features
a: Berserk, Trog's Hand, Burn Spellbooks, Renounce Religion


You were on level 5 of the Dungeon.
You worshipped Trog.
Trog was most pleased with you.
You were not hungry.

You visited 1 branch of the dungeon, and saw 5 of its levels.

You collected 227 gold pieces.

Inventory:

Hand Weapons
 a - a +0 falchion
 p - a +0 short sword of flaming (weapon)
Missiles
 m - 7 poisoned needles
 x - a throwing net (quivered)
Armour
 k - a +0 chain mail
 o - a +0 ring mail (worn)
 v - a +0 cloak (worn)
 w - a +0 helmet (worn)
Jewellery
 b - a +6 ring of slaying (right hand)
 j - a ring of stealth (left hand)
 s - an uncursed ring of fire
Wands
 t - a wand of flame (17)
Scrolls
 f - 3 scrolls of identify
 i - 2 scrolls of remove curse
 l - a scroll of immolation {unknown}
 y - a scroll of enchant armour {unknown}
Potions
 d - 3 potions of heal wounds {unknown}
 e - a potion of beneficial mutation {unknown}
 g - a potion of haste {unknown}
 u - a potion of curing {unknown}
Comestibles
 c - 2 bread rations
 h - a beef jerky
 n - 13 fruits
 q - 2 meat rations
 r - 8 chunks of flesh


   Skills:
 - Level 3.0 Fighting
 + Level 10.0 Long Blades
 - Level 2.0 Armour
 - Level 2.0 Dodging


You had 7 spell levels left.
You didn't know any spells.

Dungeon Overview and Level Annotations

Branches:
Dungeon (5/15)
 Temple: D:4-7

Altars:
Dithmenos
Makhleb
Zin
The Shining One

Shops:
D:5 (

Annotations:
D:3 septik's ghost, amateur DECj
D:5 Prince Ribbit


Message History

Prince Ribbit is moderately wounded.
Prince Ribbit hits you!
Some of the chunks of flesh in your inventory have rotted away.
Prince Ribbit is nearby!
Use which ability?
Your skin crawls.
You feel resistant to hostile enchantments.
You feel slightly more hungry. Prince Ribbit hits you!
* * * LOW HITPOINT WARNING * * *
Prince Ribbit blinks!
Prince Ribbit closely misses you. Prince Ribbit closely misses you.
You hit Prince Ribbit. You burn Prince Ribbit.
Prince Ribbit is moderately wounded.
Prince Ribbit hits you!
* * * LOW HITPOINT WARNING * * *
Unknown command.
Prince Ribbit winks and puckers his lips.
Prince Ribbit hits you!
You die...

#.# #.# #.# #.# # #.#
#.# .# ##### #.# #.#
.### ....#
#.######.###>..# ###.#
#.#....[.......#
###.###.#.####†#.....#
..........#
#.#.###.#####.
.##.###....#
#..@F......... .##.#
####.# ###.##..#####
....# .# #.#...# .####
.# #.#...### .### .#
#.......# ...# .#
#..(....# ###.....
#.......# # .###
###...#.# # #...#.#


You could see Prince Ribbit.

Vanquished Creatures
  Menkaure (D:4)
  Edmund (D:4)
  A sky beast (D:5)
  An ogre (D:5)
  A centaur (D:5)
  A scorpion (D:4)
  A giant frog zombie (D:5)
  2 hounds (D:4)
  Crazy Yiuf (D:4)
  An orc priest (D:3)
  2 orc wizards
  2 iguanas (D:5)
  2 worker ants
  Robin (D:4)
  4 gnolls (D:5)
  2 hound skeletons
  6 adders
  An ooze (D:1)
  An adder zombie (D:3)
  3 worms (D:2)
  4 giant geckos
  15 orcs
  A ball python (D:2)
  8 hobgoblins
  4 quokkas
  5 bats
  5 giant cockroaches
  A giant newt (D:2)
  16 goblins
  2 jackal skeletons
  4 kobolds
  4 rats
104 creatures vanquished.

Notes
Turn   | Place    | Note
--------------------------------------------------------------
     0 | D:1      | Guts the Human Berserker began the quest for the Orb.
     0 | D:1      | Reached XP level 1. HP: 18/18 MP: 1/1
   108 | D:1      | Reached XP level 2. HP: 18/24 MP: 2/2
  1141 | D:2      | Reached skill level 4 in Long Blades
  1141 | D:2      | Reached XP level 3. HP: 29/29 MP: 3/3
  1466 | D:2      | Reached XP level 4. HP: 27/35 MP: 4/4
  1800 | D:3      | Noticed septik's ghost (amateur DECj)
  1806 | D:2      | Reached ** piety under Trog
  1860 | D:3      | Reached skill level 5 in Long Blades
  2093 | D:3      | Reached XP level 5. HP: 41/41 MP: 5/5
  2306 | D:3      | Found a burning altar of Makhleb.
  2308 | D:3      | Found a glowing silver altar of Zin.
  2308 | D:3      | Noticed an angel
  2308 | D:3      | Noticed a cacodemon
  2442 | D:4      | Noticed Robin
  2457 | D:4      | Killed Robin
  2460 | D:4      | Reached skill level 6 in Long Blades
  2498 | D:4      | Noticed Crazy Yiuf
  2507 | D:4      | Killed Crazy Yiuf
  2507 | D:4      | Reached XP level 6. HP: 43/47 MP: 6/6
  2584 | D:4      | Noticed Menkaure
  2597 | D:4      | Killed Menkaure
  2597 | D:4      | Reached *** piety under Trog
  2597 | D:4      | Reached skill level 7 in Long Blades
  2640 | D:4      | Reached XP level 7. HP: 46/52 MP: 7/7
  2655 | D:4      | Noticed Edmund
  2669 | D:4      | Killed Edmund
  2801 | D:4      | Reached skill level 8 in Long Blades
  3014 | D:4      | Found a shadowy altar of Dithmenos.
  3261 | D:5      | Entered Level 5 of the Dungeon
  3311 | D:5      | Found Emueptol's Weapon Shoppe.
  3333 | D:5      | Reached skill level 9 in Long Blades
  3333 | D:5      | Reached XP level 8. HP: 58/58 MP: 8/8
  3490 | D:5      | Found a glowing golden altar of the Shining One.
  3546 | D:5      | Reached skill level 10 in Long Blades
  3552 | D:5      | Noticed Prince Ribbit
  3562 | D:5      | Slain by Prince Ribbit

Vault maps used:
D:1:      dpeg_arrival_connections
D:2:      minmay_cut_off
D:3:      grunt_temple_overflow_order_and_chaos_2, roderic_three_in_a_row
D:4:      grunt_decor_one_mirror, grunt_dithmenos_smoke,
          uniq_crazy_yiuf_cottage, uniq_edmund, uniq_menkaure, uniq_robin
D:5:      minitemple, first_bread, serial_shops, shop, basic_altar,
          uniq_prince_ribbit1, uniq_pikel

Action                   |  1- 3 |  4- 6 |  7- 9 || total
-------------------------+-------+-------+-------++-------
Melee: Falchion          |    78 |    61 |       ||   139
       Short sword       |       |    69 |   142 ||   211
Invok: Berserk           |     2 |     5 |     5 ||    12
       Trog's Hand       |       |     1 |     2 ||     3
Evoke: Wand              |       |       |     5 ||     5
  Use: Scroll            |     3 |     1 |       ||     4
 Stab: Sleeping          |     6 |     3 |       ||     9
  Eat: Chunk             |     4 |     9 |     8 ||    21
